 Dungeon Crawl Stone Soup version 0.28-a0-1152-g9c71ebef14 (webtiles) character file.

Game seed: 2000816761414497745

84 spaghetti the Sneak (level 4, 0/35 HPs)
             Began as a Demonspawn Delver on Dec 14, 2021.
             Slain by an orc wizard (1 damage)
             ... on level 5 of the Dungeon.
             The game lasted 00:01:04 (719 turns).

spaghetti the Sneak (Demonspawn Delver)              Turns: 719, Time: 00:01:05

Health: 0/35       AC:  3    Str: 14      XL:     4   Next: 24%
Magic:  4/4        EV: 13    Int: 11      God:
Gold:   16         SH:  0    Dex: 16 (17) Spells: 3/3 levels left

rFire   . . .      SeeInvis .   a - +0 falchion {long}
rCold   . . .      Faith    .   (no shield)
rNeg    . . .      Spirit   .   b - +0 leather armour
rPois   .          Reflect  .   (no helmet)
rElec   .          Harm     .   (no cloak)
rCorr   .          Rampage  .   (no gloves)
Will    .....                   (no boots)
Stlth   ++........              (no amulet)
HPRegen 0.11/turn               (no ring)
MPRegen 0.09/turn               (no ring)

@: confused, hasted, very quick
A: thin skeletal structure 1, demonic touch 1
a: no special abilities


You were on level 5 of the Dungeon.
You visited 1 branch of the dungeon, and saw 2 of its levels.

You collected 16 gold pieces.


Innate Abilities, Weirdness & Mutations

You have a somewhat thin skeletal structure. (Dex +2, Stealth+)
Your touch may inflict minor irresistible damage on your foes.


   Skills:
 - Level 3.0 Fighting
 - Level 1.7 Long Blades
 + Level 4.1 Dodging
 - Level 4.5 Stealth


You had 3 spell levels left.
You didn't know any spells.
Your spell library was empty.

Inventory:

Hand Weapons
 a - a +0 falchion (weapon) {long}
Missiles
 h - 23 sling bullets
 i - 10 arrows
Armour
 b - a +0 leather armour (worn)
Wands
 g - a wand of digging (3)
Scrolls
 c - a scroll of fog
 d - a scroll of magic mapping {!r}
 e - a scroll of fear

Dungeon Overview and Level Annotations

Branches:
Dungeon (6/15)
 Temple: D:4-7

Altars:
The Shining One

..≈# ..Z. ♣.≈#
.:.......# ♣.≈#
..........# ..≈#
#$........## .≈≈#
#.........## ≈≈##
##.........##
#########...........####
.......#........Zo......
.>####....8....o@?r.....
.## #...≈≈≈....o{......
## ##..≈≈≈...##...####
#..≈≈≈...# ####
#..≈≈≈..## #.......# ###
##......##
..####..##..##
...........##


You could see an orc priest, an orc wizard, an orc, a scorpion zombie and a
quokka.


Message History

You feel clumsy.
The hobgoblin zombie closely misses you. 😮 HP[-3]
You take 3 damage, and now have 19/35 hp.
The centaur zombie hits you.
* * * LOW HITPOINT WARNING * * *
The centaur zombie kicks you but does no damage.
The centaur zombie closely misses you. x2 😨 HP[-3]
You take 3 damage, and now have 16/35 hp.
The hobgoblin zombie closely misses you.
The quasit closely misses you.
The quasit claws you but does no damage. x2 😨 HP[+1]
There is a stone staircase leading up here.
The centaur zombie hits you but does no damage.
The centaur zombie kicks you but does no damage.
You climb upwards.
There is a stone staircase leading down here.
Unknown command.
Unknown command.
You start resting. 😎 HP[+18]
Your hp is fully restored (35).
You open the door.
There is an open door here.
i - 10 arrows
There is an open door here.
There is an open door here.
A scorpion zombie comes into view.
You enter the shallow water.
Moving in this stuff is going to be slow.
An orc wizard comes into view. It is wielding a +0 dagger.
An orc wizard comes into view.
It is wielding a +1 vampiric dagger and wearing a +0 robe of willpower.
An orc and an orc wizard come into view.
The orc wizard shouts!
The orc priest shouts!
The orc wizard shouts!
The orc wizard mumbles some strange words.
The orc wizard flickers and vanishes!
Deactivating autopickup; reactivate with Ctrl-A.
The orc priest closely misses you.
You barely miss the orc priest.
The orc wizard shouts!
Your touch misses the orc priest. You hit the orc priest.
The orc priest barely misses you.
The orc wizard points at you and mumbles some strange words.
You are confused.
Unknown command.
A quokka comes into view.
The orc priest closely misses you.
The orc wizard points at you and mumbles some strange words.
You are more confused.
Unknown command.
Unknown command.
Okay, then.
Unknown command.
You are too confused!
Unknown command.
Unknown command.
The orc wizard closely misses you.
The orc wizard hits you but does no damage.
Unknown command.
You miss the orc wizard.
You touch the orc wizard.
The orc priest closely misses you.
The orc wizard gestures at you while chanting.
You are more confused.
The orc wizard casts a spell at you. The magic dart hits you.
The orc priest hits you with a +0 hand axe. 😮 HP[-9]
You take 9 damage, and now have 26/35 hp.
MASSIVE DAMAGE!! (PAUSE) Unknown command.
You are too confused!
Unknown command.
Unknown command.
Unknown command.
Okay, then.
You hit the orc. Your touch misses the orc.
The orc wizard hits you with a +0 dagger.
The orc wizard gestures wildly while chanting.
The orc wizard flickers and vanishes!
Something hits you. The orc hits you but does no damage.
The scorpion zombie hits you. The orc priest closely misses you.
Something hits you.
* * * LOW HITPOINT WARNING * * *
You hear some strange, mumbled words.
A puff of flame appears from out of thin air!
The puff of flame hits you!
* * * LOW HITPOINT WARNING * * *
The orc wizard barely misses you. The orc hits you with a +0 whip.
* * * LOW HITPOINT WARNING * * *
😱 HP[-24]
You take 24 damage, and now have 2/35 hp.
MASSIVE DAMAGE!! (PAUSE) Unknown command.
Unknown command.
You feel yourself speed up. The scorpion zombie hits you.
* * * LOW HITPOINT WARNING * * *
The orc priest hits you but does no damage.
Something hits you.
You die...

Skill      XL: |  1 |
---------------+----+-----
Dodging        | 4 |  4.1
Fighting       | |  3.0
Long Blades    | |  1.7
Stealth        | |  4.5

Action                   |  1- 3 |  4- 6 || total
-------------------------+-------+-------++-------
Melee: Falchion          |     7 |    12 ||    19
       Touch             |       |     4 ||     4
Throw: Throwing net      |     1 |       ||     1
  Use: Potion            |       |     1 ||     1
 Stab: Held in net/web   |     2 |       ||     2
       Sleeping          |     1 |     1 ||     2
Armor: Leather armour    |       |    16 ||    16
Dodge: Dodged            |     1 |    32 ||    33

Levels and vault maps discovered:
D:5:      gammafunk_steamed_eel, layout_layer_cave,
          gammafunk_temple_overflow_statue, kennysheep_another_room,
          serial_park_tiny_pond
D:6:      layout_cave_pools, nicolae_tso_besieged_by_evil, vehumet_statue

Notes
Turn   | Place    | Note
-------+----------+-------------------------------------------
     0 | D:5      | spaghetti the Demonspawn Delver began the quest for the
                  | Orb.
     0 | D:5      | Reached XP level 1. HP: 18/18 MP: 1/1
     0 | D:5      | magus.rc [v1.9.6]
    19 | D:5      | Noticed an orc priest
    27 | D:5      | Noticed an ogre
    54 | D:5      | HP: 1/18 [ogre (14)]
    55 | D:5      | Killed an ogre
    56 | D:5      | Reached skill level 4 in Dodging
    56 | D:5      | Gained mutation: You have a somewhat thin skeletal
                  | structure. (Dex +2, Stealth+) [demonic ancestry]
    56 | D:5      | Reached XP level 2. HP: 1/24 MP: 2/2
    56 | D:5      | Reached XP level 3. HP: 2/29 MP: 3/3
    56 | D:5      | Gained mutation: Your touch may inflict minor irresistible
                  | damage on your foes. [demonic ancestry]
    56 | D:5      | Reached XP level 4. HP: 2/35 MP: 4/4
   718 | D:5      | HP: 6/35 [something/puff of flame (9)]
   718 | D:5      | HP: 2/35 [orc (4)]
   719 | D:5      | Slain by an orc wizard

Vanquished Creatures
  An ogre (D:5)
  A kobold skeleton (D:6)
  A kobold zombie (D:6)
  An orc skeleton (D:6)
4 creatures vanquished.

Table legend:
 A = Non-vault XP
 B = Vault XP
 C = Vault XP percentage of total XP
 D = Non-vault monster count
 E = Vault monster count
 F = Vault count percentage of total count
                 A         B        C        D         E       F
            +---------+---------+-------+---------+---------+-------
      Total |     118 |       3 |   2.5 |       1 |       3 |  75.0
            +---------+---------+-------+---------+---------+-------
        D:5 |     118 |       0 |   0.0 |       1 |       0 |   0.0
        D:6 |       0 |       3 | 100.0 |       0 |       3 | 100.0
            +---------+---------+-------+---------+---------+-------

Illustrated notes

Table legend:
 A = Kills in this place as a percentage of kills in entire the game.
 B = Kills by you in this place as a percentage of kills by you in the entire game.
 C = Kills by friends in this place as a percentage of kills by friends in the entire game.
 D = Other kills in this place as a percentage of other kills in the entire game.
 E = Experience gained in this place as a percentage of experience gained in the entire game.
 F = Experience gained in this place divided by the number of levels of this place that you have seen.
                   A       B       C       D       E      F
               +-------+-------+-------+-------+-------+----------------------
         Total | 100.0 | 100.0 |   N/A |   N/A | 100.0 |  60.5
       Dungeon | 100.0 | 100.0 |   N/A |   N/A | 100.0 |  60.5
               +-------+-------+-------+-------+-------+----------------------

Table legend: (Time is in decaauts)
 A = Elapsed time spent in this place.
 B = Non-inter-level travel time spent in this place.
 C = Inter-level travel time spent in this place.
 D = Time resting spent in this place.
 E = Time spent auto-exploring this place.
 F = Levels seen in this place.
 G = Mean time per level.
                   A        B        C        D        E       F      G
               +--------+--------+--------+--------+--------+-----+--------+
         Total |    724 |    724 |      0 |    452 |    174 |   2 |  362.0 |
       Dungeon |    724 |    724 |      0 |    452 |    174 |   2 |  362.0 |
               +--------+--------+--------+--------+--------+-----+--------+

Top non-repeatable levels by time:
     D:5: 691 daAuts
     D:6: 33 daAuts
